 Dungeon Crawl Stone Soup version 0.29.1-1-gd02db6906a (webtiles) character file.

Game seed: 6639731981455843270

1622 keekatzer the Changer (level 8, 0/72 HPs)
             Began as a Troll Transmuter on Sept 18, 2022.
             Was an Initiate of Elyvilon.
             Slain by a lemure (7 damage)
             ... led by Pikel
             ... on level 7 of the Dungeon.
             The game lasted 00:12:22 (2111 turns).

keekatzer the Changer (Troll Transmuter)            Turns: 2111, Time: 00:12:23

Health: 0/72       AC:  8    Str: 19    XL:     8   Next: 65%
Magic:  11/11      EV: 10    Int:  9    God:    Elyvilon [......]
Gold:   150        SH:  0    Dex: 12    Spells: 6/13 levels left

rFire   . . .      SeeInvis .     - Unarmed
rCold   . . .      Faith    .   (no shield)
rNeg    . . .      Spirit   .   a - +0 robe
rPois   .          Reflect  .   (helmet restricted)
rElec   .          Harm     .   (no cloak)
rCorr   +          Rampage  .   (gloves unavailable)
Will    .....                   (boots unavailable)
Stlth   +.........              (no amulet)
HPRegen 1.02/turn               g - +4 ring of protection
MPRegen 0.12/turn               j - ring of resist corrosion

@: no status effects
A: large, unfitting armour, claws 3, regeneration 1, shaggy fur 1, tough skin 1
a: Renounce Religion


You were on level 7 of the Dungeon.
You worshipped Elyvilon.
Elyvilon was noncommittal.
You visited 2 branches of the dungeon, and saw 8 of its levels.

You collected 150 gold pieces.

Inventory:

Armour
 a - a +0 robe (worn)
Magical Staves
 c - a staff of death
Jewellery
 g - a +4 ring of protection (left claw)
 j - a ring of resist corrosion (right claw)
Scrolls
 d - 3 scrolls of identify {unknown}
 f - a scroll of magic mapping {unknown}
 h - a scroll of enchant armour {unknown}
 m - 3 scrolls of teleportation {unknown}
Potions
 b - 2 potions of lignification
 e - a potion of experience {unknown}
 i - a potion of curing {unknown}
 k - 2 potions of heal wounds {unknown}
 l - a potion of flight {unknown}
 n - a potion of magic {unknown}


   Skills:
 - Level 2.0 Fighting
 - Level 1.5 Dodging
 - Level 3.0 Unarmed Combat
 - Level 3.0 Spellcasting
 + Level 5.7 Transmutations
 + Level 4.7 Ice Magic


You had 6 spell levels left.
You knew the following spells:

 Your Spells              Type           Power      Damage    Failure   Level
a - Beastly Appendage     Tmut           22%        N/A       2%          1
b - Wereblood             Tmut           11%        N/A       4%          2
c - Ice Form              Ice/Tmut       10%        N/A       34%         4

Your spell library contained the following spells:

 Spells                   Type           Power      Damage    Failure   Level
 Spider Form              Tmut/Pois      6%         N/A       28%         3


Dungeon Overview and Level Annotations

Branches:
Dungeon (7/15)             Temple (1/1) D:7

Altars:
Ashenzari
Cheibriados
Dithmenos
Elyvilon
Gozag
Hepliaklqana
Okawaru
Ru
Xom
Yredelemnul
Lugonu

Portals:
Abyss: D:6

Annotations:
D:7 Pikel


Innate Abilities, Weirdness & Mutations

You are too large for most types of armour.
You have claws for hands.
Your natural rate of healing is unusually fast.
You are covered in fur. (AC +1)
You have tough skin. (AC +1)


Message History

The lemure hits you.
Pikel hits you with a +0 whip of freezing!
Pikel freezes you. The white imp gestures at you. The puff of frost hits you!
The lemure misses you.
You barely miss the white imp.
The white imp is almost dead.
The lemure misses you. Pikel barely misses you.
The white imp closely misses you. The lemure barely misses you.
You claw the white imp!
You kill the white imp!
The lemure barely misses you.
Pikel hits you with a +0 whip of freezing.
Pikel freezes you. The lemure barely misses you.
You barely miss Pikel.
Pikel is lightly wounded.
The lemure hits you. Pikel hits you but does no damage. The lemure hits you.
You barely miss Pikel.
Pikel is lightly wounded.
The lemure hits you.
Pikel hits you with a +0 whip of freezing.
* * * LOW HITPOINT WARNING * * *
Pikel freezes you.
* * * LOW HITPOINT WARNING * * *
The lemure hits you.
* * * LOW HITPOINT WARNING * * *
You completely miss Pikel.
Pikel is lightly wounded.
The lemure hits you.
* * * LOW HITPOINT WARNING * * *
Pikel hits you with a +0 whip of freezing.
* * * LOW HITPOINT WARNING * * *
Pikel freezes you.
* * * LOW HITPOINT WARNING * * *
The lemure hits you but does no damage.
You scratch Pikel but do no damage.
Pikel is lightly wounded.
The lemure hits you but does no damage. Pikel barely misses you.
The lemure hits you!
You die...

.#.#.#.#.....##.......####
##...#..)..##............#
...#.#.#......#...#......## .#
#.##...#.....##.8.##......#...#
.....#.#....##.....##....#......
###.##.....##..#.#..##....#.....
..(....##.....##.##K5...........
#.###.## ....##55.##..........#.
.....## ..8....@....8..#......#
.....# #...##..K##....#.......
....... ... .##.##.............
........... #.#..##..........
.......... ....# ..........
......... .8.# ....#.. .........
... .....


You could see Pikel and 2 lemures.

Vanquished Creatures
  Menkaure (D:6)
  A water moccasin (D:5)
  2 black bears
  4 ogres
  2 centaurs
  2 lemures (Temple)
  Blork the orc (D:5)
  A phantom (D:5)
  3 necrophages
  2 scorpions
  A hound (D:6)
  A jelly (D:5)
  3 iguanas
  2 orc wizards (D:6)
  6 adders
  2 white imps (D:7)
  2 ufetubi
  11 orcs
  2 ball pythons (D:1)
  3 bats (D:1)
  4 endoplasms
  A goblin (D:1)
  3 frilled lizards
  3 kobolds (D:1)
  4 rats (D:1)
67 creatures vanquished.

Vanquished Creatures (others)
  A lurking horror (D:6)
1 creature vanquished.

Grand Total: 68 creatures vanquished

Notes
Turn   | Place    | Note
-------+----------+-------------------------------------------
     0 | D:1      | keekatzer the Troll Transmuter began the quest for the Orb.
     0 | D:1      | Reached XP level 1. HP: 18/18 MP: 1/1
    11 | D:1      | Reached skill level 1 in Fighting
   186 | D:1      | Reached XP level 2. HP: 28/28 MP: 2/2
   524 | D:2      | Found a shimmering altar of Xom.
   603 | D:5      | Entered Level 5 of the Dungeon
   615 | D:5      | Noticed a water moccasin
   622 | D:5      | Killed a water moccasin
   623 | D:5      | Reached skill level 2 in Transmutations
   623 | D:5      | Reached XP level 3. HP: 24/35 MP: 1/5
   623 | D:5      | Reached XP level 4. HP: 29/42 MP: 1/6
   626 | D:5      | Reached XP level 5. HP: 27/49 MP: 1/7
   634 | D:5      | Learned a level 2 spell: Wereblood
   639 | D:5      | Learned a level 4 spell: Ice Form
   646 | D:5      | Noticed an ogre
   655 | D:5      | Killed an ogre
   656 | D:5      | Reached skill level 3 in Transmutations
   664 | D:5      | Reached skill level 1 in Ice Magic
   664 | D:5      | Reached XP level 6. HP: 37/57 MP: 3/8
   740 | D:5      | Found a shadowy altar of Dithmenos.
   962 | D:5      | Reached XP level 7. HP: 61/65 MP: 10/10
   982 | D:5      | Noticed Blork the orc
   999 | D:5      | Reached skill level 4 in Transmutations
  1003 | D:5      | Killed Blork the orc
  1503 | D:6      | Reached XP level 8. HP: 69/72 MP: 9/11
  1564 | D:6      | Reached skill level 5 in Transmutations
  1609 | D:6      | Found a broken altar of Ashenzari.
  1611 | D:6      | Found a hazy altar of Hepliaklqana.
  1640 | D:6      | Found an iron altar of Okawaru.
  1643 | D:6      | Found a basalt altar of Yredelemnul.
  1737 | D:6      | Found a one-way gate to the infinite horrors of the Abyss.
  1737 | D:6      | Found a corrupted altar of Lugonu.
  1903 | D:6      | Noticed Menkaure
  1909 | D:6      | Killed Menkaure
  1968 | D:7      | Found a snail-covered altar of Cheibriados.
  2004 | D:7      | Found a sacrificial altar of Ru.
  2051 | D:7      | Noticed Pikel
  2062 | D:7      | Found a staircase to the Ecumenical Temple.
  2068 | Temple   | Entered the Ecumenical Temple
  2091 | Temple   | Became a worshipper of Elyvilon the Healer
  2111 | D:7      | Slain by a lemure

Illustrated notes

Levels and vault maps discovered:
D:1:      elethiomel_arrival_infinity_welcomes_careful_drivers, layout_rooms,
          nicolae_eternal_life
D:2:      layout_basic, basic_altar
D:3:      layout_basic, gammafunk_ghost_necromancy, minmay_box_of_dots
D:4:      layout_loops_ring
D:5:      layout_gridville, lemuel_tele_altar, uniq_blork_the_orc
D:6:      layout_loops_ring, nicolae_overflow_hidden_temple,
          kennysheep_flooded_box, amcnicky_altar_lugonu_corruption,
          uniq_menkaure
D:7:      layout_cave_pools, mainiacjoe_overflow_paths,
          mainiacjoe_overflow_24_doors, cheibriados_altar_1,
          minmay_temple_entry_waves, serial_shops, nicolae_diamond_shop,
          dreamdust_princess_bridge, st_stairs_4,
          nicolae_concentric_dashed_squares_wild, minmay_joined_circles,
          uniq_pikel, uniq_joseph
Temple:   hc_temple_tempest_star

Skill      XL: |  1  2  3  4  5  6  7  8 |
---------------+-------------------------+-----
Fighting       | 1 2 |  2.0
Spellcasting   | 2 3 |  3.0
Transmutations | 2 3 4 5 |  5.7
Ice Magic      | 1 2 3 4 |  4.7
Dodging        | |  1.5
Unarmed Combat | |  3.0

Action                   |  1- 3 |  4- 6 |  7- 9 || total
-------------------------+-------+-------+-------++-------
Melee: Unarmed           |    43 |    42 |   157 ||   242
       Punch             |     1 |     1 |     4 ||     6
       Kick              |       |    11 |    14 ||    25
       Headbutt          |       |     3 |    14 ||    17
 Cast: Beastly Appendage |     1 |     4 |     9 ||    14
       Wereblood         |       |       |     2 ||     2
 Stab: Sleeping          |     2 |       |       ||     2
Armor: Robe              |    14 |    15 |    87 ||   116
Dodge: Dodged            |    12 |    24 |   112 ||   148
